 Dungeon Crawl Stone Soup version 0.28.0-53-g5a82cb258f (webtiles) character file.

Game seed: 10057498947940388336

37 bnorton916 the Magician (level 3, 0/19 HPs)
             Began as a Deep Elf Fire Elementalist on June 16, 2022.
             Slain by an adder (3 damage)
             ... on level 2 of the Dungeon.
             The game lasted 00:01:29 (1772 turns).

bnorton916 the Magician (DEFE)                      Turns: 1772, Time: 00:01:30

Health: 0/19       AC:  2    Str:  5    XL:     3   Next: 21%
Magic:  9/10       EV: 12    Int: 21    God:
Gold:   68         SH:  0    Dex: 15    Spells: 8/9 levels left

rFire   + . .      SeeInvis .   (no weapon)
rCold   . . .      Faith    .   (no shield)
rNeg    . . .      Spirit   .   f - +0 robe {rC+}
rPois   .          Reflect  .   (no helmet)
rElec   .          Harm     .   (no cloak)
rCorr   .          Rampage  .   (no gloves)
Will    .....                   (no boots)
Stlth   ++........              (no amulet)
HPRegen 0.06/turn               i - ring of fire
MPRegen 0.12/turn               (no ring)

@: lethally poisoned (0 -> -4)
A: no striking features
a: no special abilities


You were on level 2 of the Dungeon.
You visited 1 branch of the dungeon, and saw 2 of its levels.

You collected 68 gold pieces.

Inventory:

Missiles
 b - 68 stones
 g - 2 poisoned darts
Armour
 a - a +0 robe
 f - a +0 robe of cold resistance (worn)
Jewellery
 i - a ring of fire (left hand)
Scrolls
 e - a scroll of teleportation {unknown}
 h - a scroll of magic mapping {unknown}
 j - a scroll of fear {unknown}
Potions
 c - 4 potions of curing {unknown}
 d - 2 potions of ambrosia {unknown}
 k - a potion of heal wounds {unknown}


   Skills:
 - Level 2.4 Dodging
 - Level 2.4 Stealth
 + Level 3.8 Spellcasting
 + Level 2.1 Conjurations
 + Level 3.8 Fire Magic


You had 8 spell levels left.
You knew the following spells:

 Your Spells              Type           Power      Damage    Failure   Level
a - Foxfire               Conj/Fire      100%       2x1d9     3%          1

Your spell library contained the following spells:

 Spells                   Type           Power      Damage    Failure   Level
 Scorch                   Fire           60%        2d8       3%          2
 Magic Dart               Conj           52%        1d5       4%          1
 Conjure Flame            Conj/Fire      25%        6-21      11%         3
 Slow                     Hex            16%        N/A       12%         1
 Inner Flame              Hex/Fire       18%        N/A       17%         3
 Call Imp                 Summ           4%         N/A       19%         2
 Mephitic Cloud           Conj/Pois/Air  7%         N/A       26%         3
 Flame Wave               Conj/Fire      25%        2d7       34%         4
 Confusing Touch          Hex            4%         N/A       36%         3
 Ozocubu's Armour         Ice            4%         N/A       36%         3
 Vampiric Draining        Necr           4%         2d6       36%         3
 Metabolic Englaciation   Hex/Ice        2%         N/A       98%         5
 Simulacrum               Ice/Necr       2%         N/A       100%        6


Dungeon Overview and Level Annotations

Branches:
Dungeon (2/15)

Altars:

Shops:
D:1 (   D:2 (


Message History

Casting: Foxfire (safe; 3% risk of failure)
Confirm with . or Enter, or press ? or * to list all spells.
You feel a surge of power!
You conjure some foxfire!
The foxfire hits the ball python!
You kill the ball python!
Your foxfire dissipates!
You see here a +0 leather armour.
You see here a ball python corpse.
You now have 57 gold pieces (gained 10).
You now have 68 gold pieces (gained 11).
You pick up a book of Minor Magic and begin reading...
You add the spells Magic Dart, Call Imp and Mephitic Cloud to your library.
An adder comes into view.
Found a faded altar of an unknown god.
Casting: Foxfire (safe; 3% risk of failure)
Confirm with . or Enter, or press ? or * to list all spells.
You feel a surge of power!
You conjure some foxfire!
The foxfire hits the adder.
The adder is moderately wounded.
The adder is engulfed in a cloud of scalding steam.
An adder is nearby!
Casting: Foxfire (safe; 3% risk of failure)
Confirm with . or Enter, or press ? or * to list all spells.
You feel a surge of power!
You conjure some foxfire!
The adder bites you.
You are poisoned.
The adder poisons you!
You feel sick.
The fungus is engulfed in a cloud of scalding steam.
The fungus begins to die.
The adder misses you.
You feel sick.
You feel sick. The adder bites you.
You are lethally poisoned!
The adder poisons you!
You hit the plant but do no damage.
You feel sick. The adder bites you but does no damage.
* * * LOW HITPOINT WARNING * * *
You feel sick.
* * * LOW HITPOINT WARNING * * *
You feel sick. The adder bites you.
You die...

....# ##.# ....# #.# ....#
#.### ### ##### ########...#
#.# # #..........## ##.#
######### #..........(# #..#
......(.####.........### #..#
#######...##....##..##P## #..#
## ###.......@####..P# #..# .#
###.###.PSP#P...# #..# .####
#.#####.##.§P.♣# #..#
....#######.....#.#..≈≈._###..#
###.............#P.# #..##
#.#######.....##P# ###..#
##.### #.......## #....# #....#
##.......# ###..# ##)##.##
#.......# #..##


You could see an adder.

Vanquished Creatures
  An adder (D:2)
  4 endoplasms (D:1)
  A giant cockroach (D:1)
  4 goblins
  2 hobgoblins
  2 jackals (D:1)
  A quokka (D:1)
  A ball python (D:2)
  3 bats
  2 frilled lizards (D:1)
  4 kobolds
  2 rats
27 creatures vanquished.

Vanquished Creatures (collateral kills)
  2 foxfires (D:2)
2 creatures vanquished.

Vanquished Creatures (others)
  153 foxfires
  A fungus (D:2)
  2 plants (D:2)
156 creatures vanquished.

Grand Total: 185 creatures vanquished

Notes
Turn   | Place    | Note
-------+----------+-------------------------------------------
     0 | D:1      | bnorton916 the Deep Elf Fire Elementalist began the quest
                  | for the Orb.
     0 | D:1      | Reached XP level 1. HP: 10/10 MP: 6/6
   355 | D:1      | Reached XP level 2. HP: 15/15 MP: 5/8
   776 | D:1      | Found Foirr's Weapon Boutique.
  1496 | D:2      | Reached XP level 3. HP: 19/19 MP: 7/10
  1579 | D:2      | Found Vosuniud's Antique Weapon Boutique.
  1762 | D:2      | Found a faded altar of an unknown god.
  1772 | D:2      | Slain by an adder

Illustrated notes

Levels and vault maps discovered:
D:1:      dpeg_arrival_simpleton_a, layout_basic, serial_shops,
          nicolae_square_shop
D:2:      layout_rooms, serial_shops, shop,
          dreamdust_ecumenical_altar_hidden_monk_grotto, basic_altar

Skill      XL: |  1  2 |
---------------+-------+-----
Conjurations   | 2 |  2.1
Dodging        | |  2.4
Stealth        | |  2.4
Spellcasting   | |  3.8
Fire Magic     | |  3.8

Action                   || total
-------------------------++-------
Melee: Unarmed           ||     1
 Cast: Foxfire           ||    94
Armor: Robe              ||     4
Dodge: Dodged            ||     2
